Map: [ESL] Solaris

Players

eGGz

  • Race: Zerg Zerg
  • Spawn Location: 7:00

Erik - Winner!

  • Race: Zerg Zerg
  • Spawn Location: 1:00

Event: ESL SC2 Masters 2023 Winter (Regional)

VOD

Have the link to the VOD?

Description

Time

  • Played on: Nov. 3, 2023, 3:04 p.m.
  • Length: 7:27

All games in this series

Show
View Real Time Build Order
Export as new Build Order

eGGz Zerg 

Build Orders: Hatch First 

Get SALT Encoding   

  12  0:00  Drone  
  13  0:13  Overlord  
  13  0:17  Drone  
  14  0:31  Drone x2  
  16  0:37  Drone  
  17  0:51  Hatchery  
  17  0:54  Drone  
  17  1:08  Spawning Pool  
  17  1:11  Drone  
  17  1:14  Extractor  
  17  1:15  Drone  
  17  1:20  Drone  
  18  1:28  Drone  
  19  1:39  Drone  
  20  1:54  Queen  
  22  2:01  Overlord  
  22  2:08  Drone x2, Queen  
  25  2:11  Drone  
  25  2:15  Drone  
  28  2:23  Zergling x2  
  28  2:25  Drone  
  30  2:32  Lair  
  30  2:34  Drone  
  30  2:36  Drone  
  32  2:43  Evolution Chamber  
  31  2:47  Roach Warren  
  31  2:48  Drone, Overlord  
  31  2:55  Drone  
  31  2:58  Drone  
  33  3:02  Overlord  
  33  3:04  Drone x2  
  35  3:10  Zerg Missile Weapons Level 1  
  35  3:12  Drone x2  
  36  3:18  Drone x3  
  39  3:20  Drone, Extractor  
  39  3:21  Extractor  
  38  3:29  Overlord  
  38  3:36  Drone x2  
  38  3:41  Overlord  
  40  3:47  Overlord  
  40  3:49  Roach x2  
  40  3:52  Overlord  
  40  3:55  Roach x2  
  48  4:02  Roach, Spine Crawler  
  49  4:05  Roach  
  49  4:08  Roach  
  53  4:13  Roach  
  53  4:15  Roach  
  57  4:23  Roach x3  
  63  4:27  Roach  
  59  4:31  Roach  
  59  4:32  Roach  
  59  4:36  Roach  
  63  4:41  Roach  
  65  4:48  Roach Warren, Overlord  
  65  4:49  Overlord  
  64  4:55  Overlord  
  58  5:00  Zergling x4  
  54  5:09  Zergling x8  
  54  5:12  Queen x2  
  62  5:28  Roach x4  
  62  5:33  Roach  
  68  5:41  Roach  
  68  5:42  Roach x3  
  76  5:47  Roach  
  78  5:50  Queen x2  
  78  5:56  Roach x2  
  81  6:00  Nydus Network  
  79  6:06  Roach Warren  
  76  6:37  Nydus Canal  
  74  6:42  Queen x2  
  78  6:49  Overlord  
Show
View Real Time Build Order
Export as new Build Order

Erik Zerg - Winner!

Build Orders: Hatch First 

Get SALT Encoding   

  12  0:00  Drone  
  13  0:08  Drone  
  14  0:33  Hatchery  
  13  0:36  Drone  
  14  0:44  Overlord  
  14  0:59  Spawning Pool  
  14  1:03  Drone  
  14  1:06  Drone  
  14  1:11  Drone  
  16  1:15  Drone  
  17  1:25  Drone  
  18  1:36  Drone  
  18  1:39  Extractor  
  18  1:45  Drone  
  18  1:46  Queen x2  
  23  1:50  Drone  
  24  1:56  Drone  
  24  1:57  Drone  
  26  2:07  Overlord  
  26  2:09  Drone  
  27  2:18  Drone  
  28  2:27  Drone  
  28  2:28  Drone  
  30  2:34  Overlord  
  30  2:39  Drone  
  30  2:40  Drone  
  30  2:43  Roach Warren  
  31  2:47  Metabolic Boost  
  31  2:51  Drone, Extractor  
  32  2:54  Overlord  
  32  2:56  Drone  
  32  2:57  Drone x4  
  36  3:00  Drone  
  37  3:07  Overlord  
  37  3:15  Extractor  
  36  3:23  Roach  
  36  3:24  Roach x2  
  42  3:27  Roach x3  
  42  3:31  Roach  
  42  3:32  Zergling x2  
  42  3:33  Zergling x4  
  53  3:35  Zergling x2  
  54  3:42  Overlord  
  54  3:45  Ravager  
  54  3:46  Zergling x2  
  56  3:53  Zergling x2  
  56  3:55  Ravager  
  58  4:01  Zergling x10  
  63  4:07  Lair  
  64  4:10  Zergling x6  
  66  4:17  Ravager  
  65  4:26  Zergling x6  
  65  4:27  Zergling x2  
  66  4:36  Zergling x2  
  66  4:37  Zergling x4  
  65  4:45  Ravager  
  65  4:47  Zergling x2  
  59  5:03  Zergling x12  
  62  5:08  Extractor, Spire  
  62  5:12  Ravager  
  61  5:15  Zergling x4  
  62  5:29  Zergling x4  
  64  5:38  Zergling x6  
  64  5:40  Overlord  
  64  5:41  Overlord x2  
  60  6:20  Mutalisk x3  
  60  6:21  Mutalisk x5  
  75  6:28  Zergling x6  
  77  6:38  Mutalisk  
  71  6:41  Zergling x8  
  75  6:59  Mutalisk  
  75  7:00  Mutalisk x2  
Tags
 
Add a new tag
Caveats
  • Supply blocks, unpowered buildings, or Contaminate may cause inaccurate times.
  • Supply counts are checked every 10 seconds.